 Dungeon Crawl Stone Soup version 0.27-a0-1188-g73eefd5def (webtiles) character file.

Game seed: 12850334576984960585

213 Lemonice the Chopper (level 5, -4/41 HPs)
             Began as a Demonspawn Gladiator on May 21, 2021.
             Killed by nerve-wracking pain
             ... invoked by Grinder
              (10 damage)
             ... on level 4 of the Dungeon.
             The game lasted 00:05:05 (3302 turns).

Lemonice the Chopper (Demonspawn Gladiator)         Turns: 3302, Time: 00:05:06

Health: -4/41      AC: 11    Str: 15    XL:     5   Next: 59%
Magic:  5/5        EV: 13    Int: 10    God:
Gold:   133        SH:  0    Dex: 20    Spells: 4/4 levels left

rFire    . . .     SeeInvis .   a - +0 war axe
rCold    . . .     Faith    .   (no shield)
rNeg     . . .     Spirit   .   b - +0 leather armour
rPois    .         Reflect  .   i - +1 helmet
rElec    .         Harm     .   (no cloak)
rCorr    .         Rampage  .   (no gloves)
Will     .....                  (no boots)
Stlth    +.........             (no amulet)
HPRegen  0.13/turn              f - ring of wizardry
MPRegen  0.09/turn              q - +6 ring of dexterity

@: sanguine armoured
A: demonic guardian 1, sanguine armour 1, demonic magic 1
a: no special abilities


You were on level 4 of the Dungeon.
You visited 1 branch of the dungeon, and saw 4 of its levels.

You collected 133 gold pieces.

Inventory:

Hand Weapons
 a - a +0 war axe (weapon)
Armour
 b - a +0 leather armour (worn)
 c - a +0 helmet
 i - a +1 helmet (worn)
Jewellery
 f - a ring of wizardry (left hand)
 q - a +6 ring of dexterity (right hand)
 v - a ring of ice
Scrolls
 g - 4 scrolls of teleportation {unknown}
 j - 2 scrolls of vulnerability {unknown}
 m - 2 scrolls of enchant armour {unknown}
 n - 2 scrolls of silence {unknown}
 p - a scroll of fog {unknown}
 r - 2 scrolls of immolation {unknown}
 s - 4 scrolls of identify {unknown}
 t - 2 scrolls of noise {unknown}
Potions
 e - a potion of attraction {unknown}
 h - a potion of cancellation {unknown}
 k - a potion of heal wounds {unknown}
 l - a potion of degeneration {unknown}
 o - a potion of haste {unknown}
 u - a potion of ambrosia {unknown}


   Skills:
 + Level 3.3 Fighting
 + Level 3.7 Axes
 - Level 1.7 Throwing
 + Level 2.2 Armour
 + Level 3.6 Dodging


You had 4 spell levels left.
You didn't know any spells.
Your spell library was empty.

Dungeon Overview and Level Annotations

Branches:
Dungeon (4/15)
 Temple: D:4-7

Altars:

Annotations:
D:4 Grinder


Innate Abilities, Weirdness & Mutations

A weak demonic guardian rushes to your aid.
When seriously injured, your bleeding wounds create armour. (AC +6)
Spells you cast may paralyse adjacent enemies.


Message History

HP restored.
Done exploring.
You climb downwards.
Level annotation: Grinder
There is a stone staircase leading up here.
Throw: throwing net
Press: ? - help, Q - select action Shift-Dir - straight line, f - Grinder
Aim: Grinder (60% to hit)
You throw a throwing net.
The throwing net closely misses Grinder.
Grinder hits you.
You writhe in agony.
You hit Grinder.
Grinder is lightly wounded.
Grinder hits you.
You writhe in agony.
Your blood congeals into armour.
You hit Grinder.
Grinder is lightly wounded.
Grinder says, "FISH!"
Grinder completely misses you. Grinder hits you but does no damage.
Unknown command.
You slash Grinder!
Grinder is moderately wounded.
Grinder gestures at you.
You suddenly lose the ability to move!
Grinder hits you.
You writhe in agony.
Grinder hits you.
Grinder says, "Tell me all your secrets, or I'll kill you."
Grinder hits you!
* * * LOW HITPOINT WARNING * * *
Grinder barely misses you. Grinder hits you.
* * * LOW HITPOINT WARNING * * *
A demonic guardian appears!
You writhe in agony.
* * * LOW HITPOINT WARNING * * *
You can move again.
Unknown command.
You closely miss Grinder.
Grinder is moderately wounded.
Grinder gestures at you. Pain shoots through your body!
You die...

#... #....#....<.....
....##...........#.......
..........>#.............
...........#.............
... #....................
....#...................#
.......##.............|..
.......##.)............#
#.#######(...).5@.##. #
#.....##.5.# ##..#.##...#
########..# #.## ###


You could see Grinder (ally target) and a friendly shadow imp (summoned).

Vanquished Creatures
  An ogre (D:3)
  Robin (D:2)
  4 adders
  A dart slug (D:3)
  An orc (D:3)
  7 ball pythons
  4 bats
  3 endoplasms
  5 giant cockroaches
  12 goblins
  7 hobgoblins
  14 jackals
  A quokka (D:3)
  2 frilled lizards
  2 kobolds (D:1)
  7 rats
72 creatures vanquished.

Notes
Turn   | Place    | Note
-------+----------+-------------------------------------------
     0 | D:1      | Lemonice the Demonspawn Gladiator began the quest for the
                  | Orb.
     0 | D:1      | Reached XP level 1. HP: 16/16 MP: 1/1
    41 | D:1      | You fall into a shaft and drop 1 floor!
    45 | D:2      | Gained mutation: A weak demonic guardian rushes to your
                  | aid. [demonic ancestry]
    45 | D:2      | Reached XP level 2. HP: 22/22 MP: 2/2
   285 | D:2      | Noticed Robin
   300 | D:2      | Reached skill level 1 in Armour
   306 | D:2      | Killed Robin
   307 | D:2      | Reached XP level 3. HP: 11/28 MP: 3/3
  1217 | D:1      | Gained mutation: When seriously injured, your bleeding
                  | wounds create armour. (AC +6) [demonic ancestry]
  1217 | D:1      | Reached XP level 4. HP: 30/34 MP: 4/4
  1964 | D:3      | Found a faded altar of an unknown god.
  2021 | D:3      | Noticed an ogre
  2038 | D:3      | Killed an ogre
  2039 | D:3      | Gained mutation: Spells you cast may paralyse adjacent
                  | enemies. [demonic ancestry]
  2039 | D:3      | Reached XP level 5. HP: 12/41 MP: 5/5
  2969 | D:4      | Noticed Grinder
  2976 | D:4      | Paralysed by Grinder for 7 turns
  2986 | D:4      | Paralysed by Grinder for 4 turns
  2994 | D:4      | Paralysed by Grinder for 6 turns
  3296 | D:4      | Paralysed by Grinder for 6 turns
  3302 | D:4      | Killed from afar by Grinder

Illustrated notes

Levels and vault maps discovered:
D:1:      arrival_zaba_pyramid, layout_basic
D:2:      layout_basic, dk_noncrumbling_2, uniq_robin
D:3:      layout_rooms, ebering_ecumenical_altar_abandoned
D:4:      layout_cave_pools, lemuel_tele_altar, nicolae_overflow_crystal_walls,
          ebering_ghost_rock_garden, uniq_grinder

Skill      XL: |  1  2  3  4 |
---------------+-------------+-----
Dodging        | 3 |  3.6
Armour         | 1 2 |  2.2
Axes           | 3 |  3.7
Fighting       | 3 |  3.3
Throwing       | |  1.7

Action                   |  1- 3 |  4- 6 || total
-------------------------+-------+-------++-------
Melee: War axe           |    91 |    94 ||   185
Throw: Throwing net      |       |     4 ||     4
 Stab: Sleeping          |     1 |     3 ||     4
Armor: Leather armour    |    46 |    32 ||    78
Dodge: Dodged            |    73 |    55 ||   128

Table legend: (Time is in decaauts)
 A = Elapsed time spent in this place.
 B = Non-inter-level travel time spent in this place.
 C = Inter-level travel time spent in this place.
 D = Time resting spent in this place.
 E = Time spent auto-exploring this place.
 F = Levels seen in this place.
 G = Mean time per level.
                   A        B        C        D        E       F      G
               +--------+--------+--------+--------+--------+-----+--------+
         Total |   3363 |   3298 |     65 |      0 |   2777 |   4 |  840.8 |
       Dungeon |   3363 |   3298 |     65 |      0 |   2777 |   4 |  840.8 |
               +--------+--------+--------+--------+--------+-----+--------+

Top non-repeatable levels by time:
     D:3: 1281 daAuts
     D:1: 1021 daAuts
     D:2: 982 daAuts
     D:4: 79 daAuts
